 Dungeon Crawl Stone Soup version 0.27.1-3-gb3d3a73c9e (webtiles) character file.

Game seed: 15675413670982481421

858 belegose the Sneak (level 8, -2/69 HPs)
             Began as a Naga Enchanter on Oct 18, 2021.
             Was a Believer of Cheibriados.
             Slain by Edmund (3 damage)
             ... on level 5 of the Dungeon.
             The game lasted 00:19:25 (8178 turns).

belegose the Sneak (Naga Enchanter)                 Turns: 8178, Time: 00:19:28

Health: -2/69      AC:  5    Str: 17    XL:     8   Next: 2%
Magic:  10/13      EV:  9    Int: 20    God:    Cheibriados [**....]
Gold:   233        SH:  4    Dex: 15    Spells: 9/14 levels left

rFire    . . .     SeeInvis +   f - +0 hunting sling
rCold    . . .     Faith    .   n - +0 buckler
rNeg     . . .     Spirit   .   d - +0 leather armour
rPois    +         Reflect  .   A - +0 helmet
rElec    .         Harm     .   (no cloak)
rCorr    .         Rampage  .   (no gloves)
Will     +....                  (no barding)
Stlth    +++.......             (no amulet)
HPRegen  0.21/turn              (no ring)
MPRegen  0.13/turn              (no ring)

@: marked, very slow
A: AC +2, large, see invisible, deformed body, poison resistance, slowness 2,
spit poison 1, naga tail 1
a: Spit Poison, Renounce Religion, Bend Time


You were on level 5 of the Dungeon.
You worshipped Cheibriados.
Cheibriados was pleased with you.
You visited 1 branch of the dungeon, and saw 5 of its levels.

You collected 233 gold pieces.

Inventory:

Hand Weapons
 a - a +1 dagger
 f - a +0 hunting sling (weapon)
 k - a +0 trident
 s - a +3 vorpal hand axe
Missiles
 m - 131 stones (quivered ammo)
Armour
 d - a +0 leather armour (worn)
 e - a +0 scale mail
 g - a +0 ring mail
 n - a +0 buckler (worn)
 A - a +0 helmet (worn)
Jewellery
 y - a ring of magical power
Wands
 l - a wand of iceblast (3)
Scrolls
 c - 2 scrolls of magic mapping {unknown}
 h - 4 scrolls of amnesia {unknown}
 i - a scroll of blinking {unknown}
 j - 2 scrolls of immolation {unknown}
 q - a scroll of holy word {unknown}
 r - a scroll of enchant armour {unknown}
 t - 3 scrolls of identify {unknown}
 u - a scroll of fear {unknown}
 w - a scroll of vulnerability {unknown}
Potions
 b - a potion of attraction {unknown}
 o - 3 potions of cancellation {unknown}
 p - 3 potions of curing {unknown}
 v - a potion of berserk rage {unknown}
 x - 2 potions of degeneration {unknown}
 z - a potion of brilliance {unknown}


   Skills:
 + Level 3.1 Fighting
 + Level 3.4 Short Blades
 - Level 1.5 Dodging
 + Level 6.8 Stealth
 + Level 2.2 Shields
 + Level 3.6 Spellcasting
 - Level 4.0 Hexes
 + Level 1.9 Necromancy
 + Level 2.6 Invocations


You had 9 spell levels left.
You knew the following spells:

 Your Spells              Type           Power      Damage    Failure   Level
a - Corona                Hex            21%        N/A       3%          1
b - Tukima's Dance        Hex            19%        N/A       10%         3
c - Animate Skeleton      Necr           22%        N/A       8%          1

Your spell library contained the following spells:

 Spells                   Type           Power      Damage    Failure   Level
 Pain                     Necr           44%        1d6       8%          1
 Confusing Touch          Hex            19%        N/A       10%         3
 Ensorcelled Hibernation  Hex/Ice        22%        N/A       11%         2
 Dazzling Flash           Conj/Hex       22%        N/A       22%         3
 Vampiric Draining        Necr           5%         2d6       22%         3


Dungeon Overview and Level Annotations

Branches:
Dungeon (5/15)
 Temple: D:4-7

Altars:
Cheibriados
Gozag
Wu Jian

Annotations:
D:5 Dowan, Duvessa, Edmund


Innate Abilities, Weirdness & Mutations

Your serpentine skin is tough. (AC +2)
You have supernaturally acute eyesight. (SInv)
Armour fits poorly on your strangely shaped body.
Your system is resistant to poisons. (rPois)
You cover ground very slowly.
You can spit poison.
You have a snake-like lower body.


Message History

The adder poisons you!
You hit the adder.
You kill the adder!
Cheibriados appreciates the change of pace.
You feel sick.
You feel sick.
You see here an adder corpse.
You feel sick.
You feel sick.
You feel sick.
You are no longer poisoned.
There is an open door here.
An orc comes into view. It is wielding a +0 mace.
f - a +0 hunting sling (weapon)
Fire: 131 stones
Press: ? - help, Q - select action, (/) - cycle Shift-Dir - straight line, f - orc
Aim: an orc, wielding a +0 mace (asleep, 98% to hit)
You shoot a stone. The stone hits the orc.
You kill the orc!
Cheibriados thoroughly appreciates the change of pace.
m - 131 stones (gained 1)
You see here a +0 mace.
You set off the alarm!
A sentinel's mark forms upon you.
You hear a shout! x4
Edmund grinds his teeth, and then sighs.
Edmund hits you with a +5 vorpal dire flail!
An orc comes into view. It is wielding a +0 dagger.
Edmund hits you with a +5 vorpal dire flail! x2
Edmund hits you with a +5 vorpal dire flail!
* * * LOW HITPOINT WARNING * * *
x2 Edmund hits you with a +5 vorpal dire flail!
* * * LOW HITPOINT WARNING * * *
x2 The flow of time bends around you.
Cheibriados rebukes the orc.
The orc seems to slow down.
Cheibriados rebukes Edmund.
Edmund seems to slow down.
Edmund hits you with a +5 vorpal dire flail.
You die...

#
####.#.#######..#.#
#.# #..#.# #.#
#..#.# #.# ##.#.#
#####.# #.#.#
#.....# #...#
#.....#.########...#
#.....#.........@..#
#.....#########@..>#
#.)...#........o...#
#####.#[.........#.#
#.#......<#..#.#
#.#.#######..#.# #.#
#..#.# ## #.# ...#.#
.# #.# ###.#.# .#
#.# ..#


You could see Edmund (slow) and an orc (slow).

Vanquished Creatures
  A water moccasin (D:5)
  A necrophage (D:5)
  2 scorpions (D:5)
  A centaur zombie (D:5)
  3 hounds
  A jelly (D:5)
  2 orc priests
  2 iguanas
  A scorpion zombie (D:5)
  Terence (D:2)
  An orc wizard (D:3)
  A killer bee zombie (D:4)
  A hound skeleton (D:4)
  7 adders
  An ufetubus (D:5)
  5 worms
  A dart slug (D:1)
  11 orcs
  13 ball pythons
  5 endoplasms
  5 giant cockroaches
  7 goblins
  10 hobgoblins
  2 jackals (D:5)
  10 kobolds
  2 quokkas
  6 bats
  3 frilled lizards
  4 rats
110 creatures vanquished.

Notes
Turn   | Place    | Note
-------+----------+-------------------------------------------
     0 | D:1      | belegose the Naga Enchanter began the quest for the Orb.
     0 | D:1      | Reached XP level 1. HP: 15/15 MP: 3/3
   371 | D:1      | Reached XP level 2. HP: 18/24 MP: 5/5
  1316 | D:1      | Reached XP level 3. HP: 30/30 MP: 6/6
  1412 | D:1      | Reached skill level 1 in Fighting
  1695 | D:2      | Found an opulent altar of Gozag.
  1798 | D:2      | Found a faded altar of an unknown god.
  1991 | D:2      | Reached skill level 5 in Stealth
  2094 | D:2      | Noticed Terence
  2099 | D:2      | Killed Terence
  2100 | D:2      | Reached XP level 4. HP: 35/38 MP: 7/7
  3072 | D:3      | Reached XP level 5. HP: 31/44 MP: 8/8
  3178 | D:3      | Found an ornate altar of the Wu Jian Council.
  3356 | D:3      | Found a snail-covered altar of Cheibriados.
  3474 | D:3      | Became a worshipper of Cheibriados the Contemplative
  3479 | D:3      | Learned a level 3 spell: Tukima's Dance
  3876 | D:3      | Reached skill level 1 in Shields
  5005 | D:4      | Reached skill level 1 in Invocations
  5005 | D:4      | Reached XP level 6. HP: 26/52 MP: 10/10
  5585 | D:4      | Reached * piety under Cheibriados
  6279 | D:5      | Entered Level 5 of the Dungeon
  6649 | D:5      | Learned a level 1 spell: Animate Skeleton
  6659 | D:5      | Reached skill level 6 in Stealth
  6782 | D:5      | Noticed a necrophage
  6835 | D:5      | Killed a necrophage
  6836 | D:5      | Reached XP level 7. HP: 30/61 MP: 11/11
  7256 | D:5      | Noticed Duvessa
  7256 | D:5      | Noticed Dowan
  7336 | D:5      | Reached skill level 1 in Necromancy
  7671 | D:5      | Noticed Edmund
  7927 | D:5      | Reached ** piety under Cheibriados
  7991 | D:5      | Reached XP level 8. HP: 63/69 MP: 13/13
  8177 | D:5      | HP: 1/69 [Edmund (3)]
  8178 | D:5      | Slain by Edmund

Illustrated notes

Levels and vault maps discovered:
D:1:      dpeg_arrival_radiant, layout_basic, kennysheep_nondescript,
          kennysheep_small_spiral, minmay_pentomino_p4
D:2:      layout_basic, ebering_ecumenical_altar_ruins, basic_altar,
          corexii_leaking_fountain, ebering_dispersal_statue_hall, uniq_terence
D:3:      layout_basic, lemuel_coloured_pillars_altar, slow_altar_1
D:4:      layout_layer_cave, minivault_24, lemuel_old_faithful
D:5:      layout_basic, uniq_edmund, uniq_duvessa

Skill      XL: |  1  2  3  4  5  6  7 |
---------------+----------------------+-----
Fighting       | 1 2 3 |  3.1
Stealth        | 5 6 |  6.8
Short Blades   | 2 3 |  3.4
Shields        | 1 2 |  2.2
Invocations    | 1 2 |  2.6
Spellcasting   | 3 |  3.6
Hexes          | 4 |  4.0
Necromancy     | 1 |  1.9
Dodging        | |  1.5

Action                   |  1- 3 |  4- 6 |  7- 9 || total
-------------------------+-------+-------+-------++-------
Melee: Dagger            |    90 |    55 |       ||   145
       Hand axe          |       |   132 |    47 ||   179
 Fire: Hunting sling     |       |     9 |    20 ||    29
Throw: Stone             |       |    12 |       ||    12
 Cast: Animate Skeleton  |       |     1 |       ||     1
Invok: Bend Time         |       |       |     1 ||     1
 Abil: Spit Poison       |    12 |    21 |     8 ||    41
Evoke: Wand              |     3 |     1 |       ||     4
 Stab: Sleeping          |     7 |     9 |       ||    16
Armor: Robe              |    10 |    21 |       ||    31
       Leather armour    |       |    24 |    22 ||    46
Dodge: Dodged            |    37 |    81 |    25 ||   143
Block: Buckler           |     1 |    36 |    17 ||    54
